 Dungeon Crawl Stone Soup version 0.27-a0-1202-ge72e49191c (webtiles) character file.

Game seed: 2132215653641389563

84 27snakeeyes612 the Skirmisher (level 4, -2/43 HPs)
             Began as a Naga Fighter on June 4, 2021.
             Slain by Sigmund
             ... wielding a +0 scythe
              (9 damage)
             ... on level 2 of the Dungeon.
             The game lasted 00:01:21 (2468 turns).

27snakeeyes612 the Skirmisher (Naga Fighter)        Turns: 2468, Time: 00:01:21

Health: -2/43      AC:  6    Str: 20    XL:     4   Next: 46%
Magic:  4/4        EV:  5    Int:  8    God:
Gold:   45         SH:  8    Dex: 10    Spells: 3/3 levels left

rFire    . . .     SeeInvis +   a - +0 war axe
rCold    . . .     Faith    .   c - +0 kite shield
rNeg     . . .     Spirit   .   b - +0 scale mail
rPois    +         Reflect  .   k - +0 helmet
rElec    .         Harm     .   (no cloak)
rCorr    .         Rampage  .   (no gloves)
Will     .....                  (no barding)
Stlth    ..........             (no amulet)
HPRegen  0.14/turn              (no ring)
MPRegen  0.09/turn              (no ring)

@: mighty, very slow
A: AC +1, large, see invisible, deformed body, poison resistance, slowness 2,
spit poison 1, naga tail 1
a: Spit Poison


You were on level 2 of the Dungeon.
You visited 1 branch of the dungeon, and saw 2 of its levels.

You collected 45 gold pieces.

Inventory:

Hand Weapons
 a - a +0 war axe (weapon)
Armour
 b - a +0 scale mail (worn)
 c - a +0 kite shield (worn)
 k - a +0 helmet (worn)
Jewellery
 g - a ring of positive energy
 m - a +4 ring of slaying
Scrolls
 h - a scroll of identify {unknown}
 i - a scroll of fog {unknown}
Potions
 e - a potion of flight {unknown}
 f - 3 potions of degeneration {unknown}
 j - a potion of mutation {unknown}
 l - 2 potions of invisibility {unknown}


   Skills:
 + Level 3.6 Fighting
 + Level 2.4 Axes
 + Level 3.1 Armour
 + Level 0.6 Dodging
 + Level 0.2 Stealth
 + Level 2.7 Shields


You had 3 spell levels left.
You didn't know any spells.
Your spell library was empty.

Dungeon Overview and Level Annotations

Branches:
Dungeon (2/15)

Altars:

Shops:
D:1 [

Annotations:
D:2 Sigmund


Innate Abilities, Weirdness & Mutations

Your serpentine skin is tough. (AC +1)
You have supernaturally acute eyesight. (SInv)
Armour fits poorly on your strangely shaped body.
Your system is resistant to poisons. (rPois)
You cover ground very slowly.
You can spit poison.
You have a snake-like lower body.


Message History

No target in view!
No target in view!
No target in view!
No target in view!
No target in view!
No target in view!
No target in view!
You see here a jackal corpse.
l - 2 murky black potions (gained 1) Sigmund the Dreaded comes into view.
He is wielding a +0 scythe and carrying a wand of digging (6).
Sigmund shouts!
Sigmund gestures at you while chanting.
The magic dart hits you but does no damage.
Sigmund is nearby!
Sigmund is nearby!
Sigmund is nearby!
Sigmund zaps a wand.
You hear a grinding noise.
You feel very mighty all of a sudden. Sigmund casts a spell at you.
You are confused.
You hear a zap.
Some rock shatters into small pieces.
You bump into the rock wall.
You're too confused to move!
Sigmund hits you with a +0 scythe! x2
You barely miss Sigmund.
You feel less confused.
Sigmund points at you and mumbles some strange words.
The magic dart hits you!
You closely miss Sigmund. Sigmund hits you but does no damage.
Sigmund hits you with a +0 scythe.
* * * LOW HITPOINT WARNING * * *
You closely miss Sigmund. You block Sigmund's attack.
Sigmund hits you with a +0 scythe.
* * * LOW HITPOINT WARNING * * *
You hit Sigmund.
Sigmund is lightly wounded.
Sigmund hits you with a +0 scythe!
You die...

.################.#
#.#
.....†............#
#.#
###################
#.# ..# ..# #.# #.#
#####.# #.# #.#
#...#.#######.#
#.##
#.............##
...#
#.#...#@.......#
...#
#.....#@.#######
...# ###.....#....#
...# #..#### ....#
...# #.. ...# ...#
#.. ..# ...# #.. .#
.(.# ... # ####
##.#


You could see Sigmund.

Vanquished Creatures
  4 gnolls
  An adder (D:2)
  3 endoplasms (D:1)
  A goblin (D:2)
  5 hobgoblins
  6 jackals (D:2)
  2 quokkas (D:1)
  2 ball pythons
  3 bats (D:1)
  4 frilled lizards
  3 kobolds
  3 rats (D:1)
37 creatures vanquished.

Notes
Turn   | Place    | Note
-------+----------+-------------------------------------------
     0 | D:1      | 27snakeeyes612 the Naga Fighter began the quest for the
                  | Orb.
     0 | D:1      | Reached XP level 1. HP: 21/21 MP: 1/1
   123 | D:1      | Found a faded altar of an unknown god.
   288 | D:1      | Reached XP level 2. HP: 28/28 MP: 2/2
   385 | D:1      | Found Ytitsov's Armour Emporium.
  1204 | D:1      | Reached XP level 3. HP: 30/34 MP: 3/3
  1479 | D:2      | Reached XP level 4. HP: 31/42 MP: 4/4
  2456 | D:2      | Noticed Sigmund
  2468 | D:2      | Slain by Sigmund

Illustrated notes

Levels and vault maps discovered:
D:1:      onia_arrival_mini_spirals, layout_loops_cross, serial_shops, shop,
          shapermc_ecumenical_altar_venn, minmay_pentomino_z2
D:2:      layout_basic, uniq_sigmund

Skill      XL: |  1  2  3 |
---------------+----------+-----
Armour         | 3 |  3.1
Fighting       | |  3.6
Axes           | |  2.4
Dodging        | |  0.6
Stealth        | |  0.2
Shields        | |  2.7

Action                   |  1- 3 |  4- 6 || total
-------------------------+-------+-------++-------
Melee: War axe           |    73 |    62 ||   135
  Use: Potion            |       |     1 ||     1
Armor: Scale mail        |    35 |    33 ||    68
Dodge: Dodged            |    13 |    18 ||    31
Block: Kite shield       |    42 |    34 ||    76

Table legend: (Time is in decaauts)
 A = Elapsed time spent in this place.
 B = Non-inter-level travel time spent in this place.
 C = Inter-level travel time spent in this place.
 D = Time resting spent in this place.
 E = Time spent auto-exploring this place.
 F = Levels seen in this place.
 G = Mean time per level.
                   A        B        C        D        E       F      G
               +--------+--------+--------+--------+--------+-----+--------+
         Total |   3070 |   3031 |     39 |    240 |   2407 |   2 | 1535.0 |
       Dungeon |   3070 |   3031 |     39 |    240 |   2407 |   2 | 1535.0 |
               +--------+--------+--------+--------+--------+-----+--------+

Top non-repeatable levels by time:
     D:1: 1764 daAuts
     D:2: 1305 daAuts
